 Dungeon Crawl Stone Soup version 0.31-a0-846-gb3bcc0d938 (webtiles) character file.

Game seed: 14905211570878824439

373 axlr the Chopper (level 6, -4/56 HPs)
             Began as a Hill Orc Fighter on Oct 3, 2023.
             Slain by a gnoll
             ... wielding a +0 flail
              (8 damage)
             ... on level 4 of the Dungeon.
             The game lasted 00:14:35 (3342 turns).

axlr the Chopper (Hill Orc Fighter)                 Turns: 3342, Time: 00:14:36

Health: -4/56      AC: 12    Str: 21    XL:     6   Next: 71%
Magic:  6/6        EV:  6    Int:  8    God:
Gold:   106        SH:  5    Dex: 16    Spells: 5/5 levels left

rFire   . . .        a - +0 war axe
rCold   . . .        c - +0 buckler
rNeg    . . .        p - +0 plate armour
rPois   .            (no helmet)
rElec   .            (no cloak)
rCorr   .            (no gloves)
SInv    .            (no boots)
Will    .....        (no amulet) Stlth
                     s - +6 ring of dexterity
HPRegen 0.29/turn    (no ring)
MPRegen 0.10/turn

%: no passive effects
@: no status effects
A: no striking features
a: no special abilities


You were on level 4 of the Dungeon.
You visited 1 branch of the dungeon, and saw 4 of its levels.

You collected 106 gold pieces.

Inventory:

Hand Weapons
 a - a +0 war axe (weapon)
 q - a +0 scythe
Missiles
 n - 21 stones
Armour
 c - a +0 buckler (worn)
 l - a +2 ring mail of fire resistance
 p - a +0 plate armour (worn)
 r - a +0 robe
Jewellery
 s - a +6 ring of dexterity (left hand)
Scrolls
 b - a scroll of teleportation {unknown}
 e - 3 scrolls of identify {unknown}
 f - a scroll of noise {unknown}
 j - a scroll of fog {unknown}
 k - 2 scrolls of fear {unknown}
 m - a scroll of blinking {unknown}
 t - a scroll of butterflies {unknown}
Potions
 d - a potion of might
 g - 2 potions of lignification {unknown}
 h - a potion of curing {unknown}
 i - a potion of brilliance {unknown}
 o - a potion of ambrosia {unknown}
 u - a potion of haste {unknown}
 v - a potion of enlightenment {unknown}
 w - a potion of heal wounds {unknown}


   Skills:
 + Level 5.2 Fighting
 + Level 5.8 Axes
 + Level 4.9 Armour
 + Level 0.7 Dodging
 + Level 4.1 Shields


You had 5 spell levels left.
You didn't know any spells.
Your spell library contained the following spells:

 Spells                   Type           Power      Damage    Failure   Level
 Apportation              Tloc           0%         N/A       100%        1
 Necrotise                Necr           0%         1d4       100%        1
 Summon Small Mammal      Summ           0%         N/A       100%        1


Dungeon Overview and Level Annotations

Branches:
Dungeon (4/15)
 Temple: D:4-7

Altars:

Shops:
D:1 (


Message History

The phantom barely misses you.
The gnoll shouts!
You hit the gnoll.
The gnoll is moderately wounded.
You hit the phantom. The phantom hits you.
The phantom blinks!
You blink.
Found a scroll labelled CONELYTIEPS.
The phantom hits you but does no damage.
The phantom attacks as it pursues you!
The phantom hits you but does no damage.
You block the gnoll's attack. You block the gnoll's attack. x2
The gnoll hits you from afar with a +0 halberd!
The phantom barely misses you. The gnoll barely misses you.
The gnoll hits you but does no damage. The gnoll closely misses you.
You block the gnoll's attack. You block the gnoll's attack.
The gnoll hits you but does no damage.
You see here a scroll labelled CONELYTIEPS.
The phantom attacks as it pursues you! The phantom hits you.
The phantom blinks!
You blink.
The gnoll attacks as it pursues you! The gnoll hits you with a +0 flail!
You hit the gnoll.
The gnoll is moderately wounded.
You hit the gnoll. You hit the phantom. The gnoll hits you but does no damage.
The phantom hits you but does no damage.
The gnoll hits you but does no damage. You block the gnoll's attack.
The gnoll barely misses you. x2
The iguana bites you!
* * * LOW HITPOINT WARNING * * *
The gnoll hits you with a +0 flail.
* * * LOW HITPOINT WARNING * * *
You slash the gnoll!
The gnoll is severely wounded.
You closely miss the iguana. You slash the gnoll! You hit the gnoll.
You hit the phantom but do no damage. You hit the gnoll.
The gnoll hits you but does no damage. The phantom barely misses you.
The gnoll hits you with a +0 halberd!
* * * LOW HITPOINT WARNING * * *
The gnoll barely misses you. The iguana completely misses you.
The gnoll hits you with a +0 flail!
You die...

.....###.# .....#
#.# .....# #ยง#
.....# #.#
#'######.# ...
.>#'############
##
#..............#
#.........l....#
#.....?...g@W..#
#.........ggg..#
#..............#
#..............#
#..............#
...............#
#:#.............#
$.#######+#######
.##


You could see a phantom, an iguana and 4 gnolls.

Vanquished Creatures
  Sigmund (D:3)
  A scorpion (D:4)
  An iguana (D:3)
  An orc wizard (D:3)
  An adder (D:3)
  A worm (D:2)
  10 dart slugs
  7 orcs
  7 bats
  8 endoplasms
  3 giant cockroaches
  6 goblins
  5 hobgoblins
  3 jackals (D:3)
  7 kobolds
  4 quokkas
  4 ball pythons
  6 frilled lizards
  5 rats
81 creatures vanquished.

Notes
Turn   | Place    | Note
-------+----------+-------------------------------------------
     0 | D:1      | axlr the Hill Orc Fighter began the quest for the Orb.
     0 | D:1      | Reached XP level 1. HP: 19/19 MP: 1/1
    32 | D:1      | Found Xaur's Weapon Boutique.
   186 | D:1      | Reached XP level 2. HP: 27/27 MP: 2/2
   422 | D:1      | Reached XP level 3. HP: 32/33 MP: 3/3
   692 | D:1      | Found a faded altar of an unknown god.
  1818 | D:3      | Reached XP level 4. HP: 40/40 MP: 4/4
  2143 | D:3      | Noticed Sigmund
  2200 | D:3      | HP: 1/41 [something (7)]
  2201 | D:3      | Killed Sigmund
  2202 | D:3      | Reached skill level 5 in Fighting
  2202 | D:3      | Reached skill level 5 in Axes
  2202 | D:3      | Reached XP level 5. HP: 2/48 MP: 5/5
  2202 | D:3      | Reached XP level 6. HP: 2/56 MP: 6/6
  3342 | D:4      | Slain by a gnoll

Illustrated notes

Levels and vault maps discovered:
D:1:      dpeg_arrival_ternary, layout_basic,
          shapermc_ecumenical_altar_hornbeckon, serial_shops,
          nicolae_shop_just_a_little_nook
D:2:      minmay_skewed_foursquare, layout_basic
D:3:      layout_loops_ring, uniq_sigmund
D:4:      kennysheep_slugbush, layout_basic

Skill      XL: |  1  2  3  4  5  6 |
---------------+-------------------+-----
Fighting       | 4 5 |  5.2
Axes           | 3 4 5 |  5.8
Armour         | 4 |  4.9
Shields        | 4 |  4.1
Dodging        | |  0.7

Action                     |  1- 3 |  4- 6 || total
---------------------------+-------+-------++-------
  Melee: War axe           |   102 |   134 ||   236
 Armour: Scale mail        |    21 |       ||    21
         Ring mail         |    47 |       ||    47
         Plate armour      |    32 |   184 ||   216
  Dodge: Dodged            |    52 |    61 ||   113
  Block: Buckler           |    31 |    46 ||    77

Table legend: (Time is in decaauts)
 A = Elapsed time spent in this place.
 B = Non-inter-level travel time spent in this place.
 C = Inter-level travel time spent in this place.
 D = Time resting spent in this place.
 E = Time spent auto-exploring this place.
 F = Levels seen in this place.
 G = Mean time per level.
                   A        B        C        D        E       F      G
               +--------+--------+--------+--------+--------+-----+--------+
         Total |   3442 |   3392 |     50 |      0 |   2145 |   4 |  860.5 |
       Dungeon |   3442 |   3392 |     50 |      0 |   2145 |   4 |  860.5 |
               +--------+--------+--------+--------+--------+-----+--------+

Top non-repeatable levels by time:
     D:3: 1221 daAuts
     D:2: 988 daAuts
     D:1: 858 daAuts
     D:4: 373 daAuts
